 Dungeon Crawl Stone Soup version 0.22.1-2-g9c5b331383 (webtiles) character file.

94 McIrco the Shield-Bearer (level 4, -5/35 HPs)
             Began as a Formicid Fighter on Jan 5, 2019.
             Slain by a phantom (6 damage)
             ... on level 3 of the Dungeon.
             The game lasted 00:02:56 (1500 turns).

McIrco the Shield-Bearer (Formicid Fighter)         Turns: 1500, Time: 00:02:56

Health: -5/35      AC:  7    Str: 21    XL:     4   Next: 94%
Magic:  4/4        EV:  8    Int:  8    God:
Gold:   100        SH: 10    Dex: 10    Spells: 3/3 levels left

rFire    . . .     SeeInvis +   a - +0 long sword
rCold    . . .     Gourm    .   c - +0 shield
rNeg     . . .     Faith    .   b - +0 scale mail
rPois    .         Spirit   .   (helmet unavailable)
rElec    .         Reflect  .   (no cloak)
rCorr    .         Harm     .   (no gloves)
MR       .....                  (no boots)
Stlth    ..........             (no amulet)
HPRegen  0.11/turn              (no ring)
MPRegen  0.09/turn              (no ring)

@: no status effects
A: permanent stasis, dig shafts and tunnels, four strong arms, antennae 3
a: Dig, Shaft Self


You were on level 3 of the Dungeon.
You were very hungry.

You visited 1 branch of the dungeon, and saw 3 of its levels.

You collected 100 gold pieces.

Inventory:

Hand Weapons
 a - a +0 long sword (weapon)
Armour
 b - a +0 scale mail (worn)
 c - a +0 shield (worn)
Scrolls
 h - a scroll of enchant armour {unknown}
 k - a scroll of random uselessness {unknown}
 l - a scroll of noise {unknown}
 m - a scroll of blinking {unknown}
 n - 2 scrolls of identify {unknown}
Potions
 d - a potion of might
 e - a potion of curing {unknown}
 g - a potion of invisibility {unknown}
 i - a potion of brilliance {unknown}
 j - a potion of flight
Comestibles
 f - 7 rations


   Skills:
 - Level 3.2 Fighting
 - Level 2.0 Long Blades
 + Level 4.3 Armour
 * Level 5.5 Shields


You had 3 spell levels left.
You didn't know any spells.
Your spell library was empty.

Dungeon Overview and Level Annotations

Branches:
Dungeon (3/15)

Altars:
Trog


Innate Abilities, Weirdness & Mutations

You cannot be hasted, slowed, berserked, paralysed or teleported.
You can dig through walls and to a lower floor.
Your four strong arms can wield two-handed weapons with a shield.
You have a pair of large antennae on your head. (SInv)


Message History

* * * LOW HITPOINT WARNING * * *
You hit the phantom.
The phantom is heavily damaged.
The phantom hits you.
* * * LOW HITPOINT WARNING * * *
The phantom blinks!
Found an emerald potion.
Found a stone staircase leading up.
The phantom blinks!
You block the phantom's attack. The phantom hits you.
* * * LOW HITPOINT WARNING * * *
There is a stone staircase leading up here.
You completely miss the phantom.
The phantom is moderately damaged.
You block the phantom's attack.
Your shield and scale mail prevent you from hitting the phantom.
The phantom is moderately damaged.
The phantom hits you.
You die...

### ...# ######
.... #....#
...#.########.##.#
...#.#.........W@#
.....†.........#.#
######.......(.#.##
.........†.........
.#.#####.#.....#.##
........)#.....#.#
(######.(#.##..#.#
.# #.....#..!..#.#
{
.###.##.#####..#.#


You could see a phantom.

Vanquished Creatures
  5 adders
  3 worms (D:2)
  An orc (D:3)
  4 bats
  3 giant cockroaches (D:2)
  6 goblins
  2 hobgoblins (D:2)
  3 jackals (D:2)
  5 kobolds
  2 frilled lizards (D:2)
  7 rats
41 creatures vanquished.

Notes
Turn   | Place    | Note
-------+----------+-------------------------------------------
     0 | D:1      | McIrco the Formicid Fighter began the quest for the Orb.
     0 | D:1      | Reached XP level 1. HP: 18/18 MP: 1/1
   174 | D:1      | Reached skill level 4 in Shields
   174 | D:1      | Reached XP level 2. HP: 24/24 MP: 2/2
   439 | D:2      | Reached XP level 3. HP: 10/29 MP: 3/3
   995 | D:2      | Reached skill level 5 in Shields
   995 | D:2      | Reached XP level 4. HP: 28/35 MP: 4/4
  1192 | D:2      | Noticed a moth of wrath
  1195 | D:2      | Found a bloodstained altar of Trog.
  1439 | D:3      | Noticed a phantom
  1496 | D:3      | HP: 1/35 [phantom (6)]
  1500 | D:3      | Slain by a phantom

Skill      XL: |  1  2  3 |
---------------+----------+-----
Shields        | 4 5 |  5.5
Armour         | 4 |  4.3
Fighting       | |  3.2
Long Blades    | |  2.0

Action                   |  1- 3 |  4- 6 || total
-------------------------+-------+-------++-------
Melee: Long sword        |    72 |    92 ||   164
  Use: Potion            |       |     2 ||     2
  Eat: Chunk             |       |     1 ||     1
Armor: Scale mail        |    39 |    36 ||    75
Dodge: Dodged            |    35 |    22 ||    57
Block: Shield            |    45 |    38 ||    83
       Rpst.: Long sword |    13 |     6 ||    19
